 Dungeon Crawl Stone Soup version 0.26.1-2-gb8aa6d0cf2 (webtiles) character file.

Game seed: 860984248107779658

2970 Descartes the Magician (level 9, -8/47 HPs)
             Began as a Deep Elf Wanderer on Feb 14, 2021.
             Was a Believer of Cheibriados.
             Mangled by a two-headed ogre
             ... wielding a +0 giant club
              (17 damage)
             ... on level 7 of the Dungeon.
             The game lasted 00:34:44 (10881 turns).

Descartes the Magician (Deep Elf Wanderer)         Turns: 10881, Time: 00:34:45

Health: -8/47      AC: 11    Str: 14    XL:     9   Next: 52%
Magic:  12/18      EV: 14    Int: 37    God:    Cheibriados [**....]
Gold:   1274       SH:  0    Dex: 24    Spells: 6/18 levels left

rFire    . . .     SeeInvis .   p - +5 falchion of Invincibility {freeze, rPois rN++ Int+4}
rCold    + + .     Faith    .   (no shield)
rNeg     + + .     Spirit   .   G - +2 ring mail {rC+}
rPois    +         Reflect  .   (no helmet)
rElec    .         Harm     .   u - +2 cloak
rCorr    .         Rampage  .   (no gloves)
Will     .....                  C - +0 pair of boots
Stlth    +++.......             (no amulet)
HPRegen  0.15/turn              N - +6 ring of dexterity
MPRegen  0.16/turn              f - +6 ring of intelligence

@: very slow
A: cold resistance 1, poison resistance, wild magic 1
a: Renounce Religion, Bend Time


You were on level 7 of the Dungeon.
You worshipped Cheibriados.
Cheibriados was pleased with you.
You visited 2 branches of the dungeon, and saw 8 of its levels.

You collected 1506 gold pieces.
You spent 232 gold pieces at shops.

Inventory:

Hand Weapons
 b - a +0 hunting sling
 p - the +5 falchion of Invincibility (weapon) {freeze, rPois rN++ Int+4}
   (You bought it in a shop on level 4 of the Dungeon)

   It has been specially enchanted to freeze those struck by it, causing extra
   injury to most foes and up to half again as much damage against particularly
   susceptible opponents.
   It can also slow down cold-blooded creatures.
   It affects your intelligence (+4).
   It protects you from poison.
   It greatly protects you from negative energy.
 w - a +2 dagger of holy wrath
 J - a +0 flail of venom
 P - a +2 whip of freezing
Missiles
 e - 30 bolts
 g - 19 poisoned darts
 i - 37 sling bullets
 o - 220 stones
 t - 59 arrows
 I - 5 boomerangs
 Q - a throwing net
Armour
 u - a +2 cloak (worn)
 z - a +0 crystal plate armour
 C - a +0 pair of boots (worn)
 G - a +2 ring mail of cold resistance (worn)
 M - the +1 plate armour "Qeqe" {rC+}
   (You found it on level 5 of the Dungeon)

   It protects you from cold.
 S - a +2 buckler
Magical Staves
 O - an uncursed staff of air {unknown}
Jewellery
 a - an uncursed ring of wizardry
 f - a +6 ring of intelligence (right hand)
 r - a +4 ring of evasion
 N - a +6 ring of dexterity (left hand)
Wands
 n - a wand of iceblast (8)
 B - a wand of acid (10)
 D - a wand of flame (15)
Scrolls
 c - 4 scrolls of remove curse
 d - 3 scrolls of enchant weapon {unknown}
 j - 5 scrolls of teleportation
 k - 2 scrolls of magic mapping
 m - a scroll of blinking {unknown}
 v - 2 scrolls of fog
 x - a scroll of summoning
 y - 4 scrolls of enchant armour
 A - 3 scrolls of amnesia
 F - a scroll of immolation
 H - a scroll of torment {unknown}
Potions
 h - 2 potions of curing
 l - 2 potions of might
 q - 2 potions of lignification
 s - 3 potions of haste
 E - a potion of invisibility
 K - 2 potions of cancellation
 T - 2 potions of attraction


   Skills:
 - Level 1.0 Fighting
 - Level 1.3(3.3) Short Blades
 + Level 4.4(4.5) Long Blades
 - Level 5.0 Dodging
 - Level 5.0 Stealth
 + Level 0.8 Shields
 - Level 5.0 Spellcasting
 + Level 4.9 Conjurations
 - Level 5.0 Transmutations
 - Level 1.1 Ice Magic
 + Level 4.4 Air Magic
 - Level 5.0 Poison Magic
 + Level 1.2 Invocations
 - Level 5.0 Evocations


You had 6 spell levels left.
You knew the following spells:

 Your Spells              Type           Power        Failure   Level
a - Sting                 Tmut/Pois      100%         1%          1
b - Mephitic Cloud        Conj/Pois/Air  55%          5%          3
c - Confusing Touch       Hex            12%          30%         3
d - Shock                 Conj/Air       100%         2%          1
e - Airstrike             Air            26%          17%         4

Your spell library contained the following spells:

 Spells                   Type           Power        Failure   Level
 Swiftness                Air            53%          3%          2
 Static Discharge         Conj/Air       55%          5%          3
 Corona                   Hex            13%          12%         1
 Ensorcelled Hibernation  Hex/Ice        34%          13%         2
 Dazzling Flash           Conj/Hex       70%          13%         3
 Tukima's Dance           Hex            12%          30%         3
 Lightning Bolt           Conj/Air       27%          38%         5


Dungeon Overview and Level Annotations

Branches:
Dungeon (7/15)             Temple (1/1) D:5

Altars:
Ashenzari
Cheibriados
Dithmenos
Elyvilon
Fedhas
Gozag
Hepliaklqana
Kikubaaqudgha
Nemelex Xobeh
Okawaru
Qazlal
Ru
Sif Muna
Trog
Uskayaw
Vehumet
Wu Jian
Xom
Yredelemnul
Zin
The Shining One

Shops:
D:4 (   D:5 *   D:6 !

Annotations:
D:2 Natasha


Innate Abilities, Weirdness & Mutations

Your flesh is cold resistant. (rC+)
Your system is resistant to poisons. (rPois)
Your spells are a little harder to cast, but a little more powerful.


Message History

The sting hits the two-headed ogre.
The two-headed ogre looks even sicker.
The two-headed ogre is lightly wounded.
The two-headed ogre hits you with a +0 giant club! x2
The two-headed ogre barely misses you.
You riposte.
You hit the two-headed ogre. You freeze the two-headed ogre.
The two-headed ogre is moderately wounded.
The two-headed ogre closely misses you.
Casting: Sting (safe; 1% risk of failure)
Confirm with . or Enter, or press ? or * to list all spells.
Aiming: Sting (safe; 1% risk of failure)
Press: ? - help, Shift-Dir - straight line, f/p - two-headed ogre
Aim: a two-headed ogre, wielding two +0 giant clubs (moderately wounded, poisoned, 11% to evade)
The sting hits the two-headed ogre.
The two-headed ogre looks even sicker.
The two-headed ogre is moderately wounded.
The flow of time bends around you.
The two-headed ogre resists with some effort.
The two-headed ogre hits you with a +0 giant club!
* * * LOW HITPOINT WARNING * * *
The two-headed ogre hits you with a +0 giant club!
You die...

#..........# #.....
######..........#
#.....
#####.....†.........#
####.....
#........#..........#
#........
#........#...>......#
...$..O†.
.........#..........#
.......<.
#......<.#####.######
.###yy### #........#
#.# #..y .........#
#@# .y.# #........#
#O# .y# #........#
##.# .. #........#
#..# ... .....[...#
#.####.. .#########
##.#... .####..#.#
#.........##.#
#####.....y..#


You could see a two-headed ogre (very poisoned).

Vanquished Creatures
  Pikel (D:5)
  A deep elf mage (D:6)
  Sigmund (D:4)
  An orc warrior (D:5)
  An ice beast (D:6)
  2 ogres (D:5)
  A centaur (D:6)
  2 bullfrogs
  3 gnoll sergeants (D:6)
  3 killer bees
  A centaur zombie (D:5)
  A bullfrog zombie (D:5)
  6 hounds
  A jelly (D:6)
  A bullfrog skeleton (D:5)
  A gnoll shaman (D:6)
  2 orc priests (D:6)
  Terence (D:1)
  Jessica (D:3)
  An iguana (D:4)
  Natasha (D:2)
  6 orc wizards
  5 worker ants
  A worker ant zombie (D:5)
  A howler monkey skeleton (D:5)
  9 adders
  11 gnolls
  A shadow imp (D:6)
  3 ufetubi
  An ooze (D:1)
  An adder skeleton (D:6)
  2 worms
  2 dart slugs (D:1)
  4 leopard geckos
  14 orcs
  6 giant cockroaches
  9 goblins
  9 hobgoblins
  5 jackals
  A quokka (D:4)
  7 bats
  7 frilled lizards
  11 kobolds
  A leopard gecko skeleton (D:6)
  14 rats
164 creatures vanquished.

Vanquished Creatures (others)
  14 plants
14 creatures vanquished.

Grand Total: 178 creatures vanquished

Notes
Turn   | Place    | Note
-------+----------+-------------------------------------------
     0 | D:1      | Descartes the Deep Elf Wanderer began the quest for the
                  | Orb.
     0 | D:1      | Descartes set off with the following items: a +2 falchion,
                  | a potion of lignification, a +0 robe, a +0 dagger; and the
                  | following spell memorised: Sting; and the following spells
                  | available to memorise: Mephitic Cloud
     0 | D:1      | Reached XP level 1. HP: 12/12 MP: 5/5
   415 | D:1      | Reached XP level 2. HP: 16/16 MP: 3/6
  1400 | D:1      | Reached XP level 3. HP: 20/20 MP: 5/8
  1470 | D:1      | Reached skill level 1 in Short Blades
  1953 | D:2      | Reached skill level 1 in Dodging
  1994 | D:2      | Noticed Terence
  2026 | D:1      | Killed Terence
  2292 | D:2      | Reached XP level 4. HP: 25/25 MP: 6/9
  2596 | D:2      | Learned a level 3 spell: Mephitic Cloud
  2630 | D:2      | Noticed Natasha
  2645 | D:2      | Killed Natasha
  3138 | D:2      | Noticed Natasha
  3508 | D:2      | Reached XP level 5. HP: 22/29 MP: 7/11
  3889 | D:3      | Learned a level 3 spell: Confusing Touch
  3976 | D:3      | You fall into a shaft and drop 2 floors!
  3976 | D:5      | Entered Level 5 of the Dungeon
  4026 | D:5      | Noticed an ogre
  4079 | D:5      | Killed an ogre
  4080 | D:5      | Reached skill level 1 in Conjurations
  4080 | D:5      | Reached skill level 1 in Transmutations
  4080 | D:5      | Reached skill level 1 in Air Magic
  4333 | D:5      | Reached XP level 6. HP: 32/34 MP: 12/12
  5031 | D:3      | You fall into a shaft and drop 1 floor!
  5059 | D:4      | Found Zubeerea's Antique Weapon Shop.
  5060 | D:4      | Noticed Sigmund
  5125 | D:4      | Gained mutation: Your system is resistant to poisons.
                  | (rPois) [potion of mutation]
  5125 | D:4      | Gained mutation: Your spells are a little harder to cast,
                  | but a little more powerful. [potion of mutation]
  5125 | D:4      | Gained mutation: Your flesh is cold resistant. (rC+)
                  | [potion of mutation]
  5464 | D:3      | Noticed Jessica
  5468 | D:3      | Killed Jessica
  6122 | D:4      | Bought a glimmering falchion for 232 gold pieces
  6122 | D:4      | Identified the +5 falchion of Invincibility {freeze, rPois
                  | rN++ Int+4} (You bought it in a shop on level 4 of the
                  | Dungeon)
  6224 | D:4      | Reached XP level 7. HP: 31/38 MP: 12/14
  6351 | D:4      | Found an iron altar of Okawaru.
  6381 | D:4      | Killed Sigmund
  6689 | D:4      | Found an opulent altar of Gozag.
  6689 | D:4      | Found a sacrificial altar of Ru.
  6787 | D:5      | Found a staircase to the Ecumenical Temple.
  6798 | Temple   | Entered the Ecumenical Temple
  6805 | Temple   | Became a worshipper of Cheibriados the Contemplative
  6815 | D:5      | Found Puh Kou's General Store.
  7408 | D:5      | Got a faintly glowing plate armour
  7419 | D:5      | Identified the +1 plate armour "Qeqe" {rC+} (You found it
                  | on level 5 of the Dungeon)
  7528 | D:6      | Reached XP level 8. HP: 35/43 MP: 6/16
  7644 | D:6      | Reached * piety under Cheibriados
  7693 | D:6      | Found Wuolammo's Distillery.
  7900 | D:6      | Noticed a deep elf mage
  7908 | D:6      | Killed a deep elf mage
  7909 | D:6      | Reached skill level 5 in Stealth
  7909 | D:6      | Reached skill level 5 in Spellcasting
  7909 | D:6      | Reached skill level 5 in Evocations
  8276 | D:6      | Noticed Pikel
  8294 | D:5      | Killed Pikel
  8295 | D:5      | Reached XP level 9. HP: 36/47 MP: 12/18
  8372 | D:6      | Learned a level 1 spell: Shock
  8377 | D:6      | Learned a level 4 spell: Airstrike
  8571 | D:6      | HP: 2/47 [gnoll sergeant/+0 spear (11)]
  8573 | D:6      | Reached skill level 5 in Dodging
  9123 | D:6      | Reached ** piety under Cheibriados
  9324 | D:5      | Reached skill level 5 in Poison Magic
 10603 | D:6      | Identified a scroll of acquirement
 10604 | D:6      | Acquired 962 gold pieces
 10715 | D:7      | Noticed a two-headed ogre
 10723 | D:6      | Reached skill level 1 in Invocations
 10855 | D:7      | Reached skill level 5 in Transmutations
 10881 | D:7      | Mangled by a two-headed ogre

Illustrated notes

Levels and vault maps discovered:
D:1:      dpeg_arrival_subterranean_lakeside_camping, layout_loops_ring
D:2:      minmay_razor_zed, layout_loops_ring, serial_bayou_pond_a,
          uniq_terence, uniq_natasha
D:3:      layout_loops_cross, uniq_jessica
D:4:      layout_basic, okawaru_gym_becter, gammafunk_temple_overflow_wave,
          serial_shops, nicolae_shop_trees, uniq_sigmund
D:5:      layout_loops_ring, minmay_temple_entry_antechambers, serial_shops,
          shop
D:6:      kennysheep_housing_project, layout_basic, serial_shops,
          nicolae_shop_window_shopping, guppyfry_early_elven_hall, uniq_pikel
D:7:      layout_rooms, serial_shops, nicolae_shop_window_shopping
Temple:   nicolae_temple_no_exploring_needed

Skill      XL: |  1  2  3  4  5  6  7  8  9 |
---------------+----------------------------+-----
Spellcasting   | 2 3 4 5 |  5.0
Stealth        | 3 4 5 |  5.0
Short Blades   | 1 |  1.3
Dodging        | 1 2 3 4 5 |  5.0
Evocations     | 3 4 5 |  5.0
Poison Magic   | 2 3 4 5 |  5.0
Long Blades    | 2 3 4 |  4.4
Conjurations   | 1 2 3 4 |  4.9
Transmutations | 1 2 4 5 |  5.0
Air Magic      | 1 2 3 4 |  4.4
Invocations    | 1 |  1.2
Fighting       | |  1.0
Shields        | |  0.8
Ice Magic      | |  1.1

Action                   |  1- 3 |  4- 6 |  7- 9 || total
-------------------------+-------+-------+-------++-------
Melee: Falchion          |     9 |    28 |    72 ||   109
       Dagger            |       |    31 |    13 ||    44
 Cast: Sting             |    72 |   121 |   163 ||   356
Invok: Bend Time         |       |       |     3 ||     3
  Use: Potion            |       |     6 |     1 ||     7
       Scroll            |       |       |    13 ||    13
 Stab: Sleeping          |       |     2 |     3 ||     5
Armor: Robe              |     4 |       |       ||     4
       Leather armour    |     3 |    35 |     3 ||    41
       Ring mail         |       |       |   117 ||   117
Dodge: Dodged            |    25 |    91 |   210 ||   326
       Rpst.: Falchion   |     6 |    15 |    62 ||    83
